 Dungeon Crawl Stone Soup version 0.28-a0-998-gb9e9c7b67e (webtiles) character file.

Game seed: 4583894523846724304

33 ytrimaz the Insei (level 3, 23/23 HPs)
             Began as an Octopode Transmuter on Dec 5, 2021.
             Was a Follower of Vehumet.
             Quit the game on level 2 of the Dungeon.
             The game lasted 00:01:35 (2021 turns).

ytrimaz the Insei (Octopode Transmuter)             Turns: 2021, Time: 00:01:36

Health: 23/23      AC:  1    Str:  9    XL:     3   Next: 29%
Magic:  6/6        EV: 13    Int: 17    God:    Vehumet [*.....]
Gold:   33         SH:  0    Dex: 12    Spells: 5/6 levels left

rFire   . . .      SeeInvis .     - Unarmed
rCold   . . .      Faith    .   (no shield)
rNeg    . . .      Spirit   .   (helmet restricted)
rPois   .          Reflect  .   (no amulet)
rElec   .          Harm     .   (no ring)
rCorr   .          Rampage  .   (no ring)
Will    .....                   (no ring)
Stlth   ++........              (no ring)
HPRegen 0.07/turn               (no ring)
MPRegen 0.10/turn               (no ring)
                                (no ring)
                                (no ring)

@: no status effects
A: almost no armour, amphibious, 8 rings, camouflage 1, gelatinous body 1,
(nimble swimmer 1), tentacles
a: Renounce Religion


You were on level 2 of the Dungeon.
You worshipped Vehumet.
Vehumet was aware of your devotion.
You visited 1 branch of the dungeon, and saw 2 of its levels.

You collected 33 gold pieces.

Inventory:

Scrolls
 b - a scroll of torment {unknown}
Potions
 a - a potion of invisibility
 c - a potion of brilliance


   Skills:
 * Level 1.6 Fighting
 + Level 2.1 Dodging
 + Level 3.4 Unarmed Combat
 + Level 2.3 Spellcasting
 + Level 2.3 Transmutations


You had 5 spell levels left.
You knew the following spells:

 Your Spells              Type           Power      Damage    Failure   Level
a - Beastly Appendage     Tmut           18%        N/A       8%          1

Your spell library contained the following spells:

 Spells                   Type           Power      Damage    Failure   Level
 Freeze                   Ice            4%         1d3       19%         1
 Wereblood                Tmut           9%         N/A       11%         2
 Spider Form              Tmut/Pois      5%         N/A       34%         3
 Ice Form                 Ice/Tmut       5%         N/A       75%         4


Dungeon Overview and Level Annotations

Branches:
Dungeon (2/15)

Altars:
Vehumet


Innate Abilities, Weirdness & Mutations

You cannot wear most types of armour.
You are amphibious.
You can wear up to eight rings at the same time.
Your skin changes colour to match your surroundings (Stealth+).
Your rubbery body absorbs attacks. (AC +1, EV +1)
((You are camouflaged near water. (Stealth+)))
You have tentacles for arms and can constrict up to eight enemies at once.


Message History

a +0 club; a goblin corpse Your transformation is almost over.
Your tentacle spike disappears.
Found a stone staircase leading up.
You open the door.
There is an open door here.
Found a stone staircase leading down.
c - a bubbling emerald potion You open the door.
There is an open door here.
As you open the door, it creaks loudly!
There is a stone staircase leading down here.
Found a ring mail.
Okay, then.
As you read the scroll of identify, it crumbles to dust.
c - a potion of brilliance You see here a +0 ring mail.
b - a scroll labelled MOTYNA VOUTRO You see here a +0 club.
A goblin comes into view. It is wielding a +0 club.
A goblin is nearby!
A goblin is nearby!
A goblin is nearby!
One of your tentacles grows a vicious spike.
The goblin shouts!
The goblin hits you with a +0 club.
You tentacle-slap the goblin.
You kill the goblin!
Vehumet accepts your kill.
You see here a +0 club.
You open the door.
Your transformation is almost over.
Your tentacle spike disappears.
Found 9 arrows.
A goblin comes into view. It is wielding a +2 dagger of venom.
There is an open door here.
A goblin is nearby!
A goblin is nearby!
A goblin is nearby!
Are you sure you want to abandon this character and quit the game? (Confirm with "yes".)

#........##'#......#.
########.##.######...
#.##...<......
#.##..#.###...
#.##..#.###... #######
#.##..#....... .......
#.##..#####...
.......####.##..#...'...
.......@....##..#.###...
.......#######..#.# ####
....... #..#.# #...
....... #..#.# #...
.......#######..#.###...
.......#............+...
..(....#.######.#####...
...g...#.# #.#####...
#.######.....'...


You could see a goblin (wandering).

Vanquished Creatures
  5 endoplasms (D:1)
  5 goblins
  3 hobgoblins
  5 kobolds (D:1)
  A quokka (D:1)
  4 ball pythons (D:1)
  4 bats
  3 rats (D:1)
30 creatures vanquished.

Notes
Turn   | Place    | Note
-------+----------+-------------------------------------------
     0 | D:1      | ytrimaz the Octopode Transmuter began the quest for the
                  | Orb.
     0 | D:1      | Reached XP level 1. HP: 13/13 MP: 3/3
   379 | D:1      | Reached XP level 2. HP: 18/18 MP: 5/5
   961 | D:1      | Reached XP level 3. HP: 23/23 MP: 4/6
  1456 | D:2      | Found a faded altar of an unknown god.
  1479 | D:2      | Prayed at the altar of an unknown god.
  1479 | D:2      | Became a worshipper of Vehumet
  1479 | D:2      | Reached * piety under Vehumet
  1479 | D:2      | Offered knowledge of Freeze by Vehumet.
  2021 | D:2      | Quit the game

Illustrated notes

Levels and vault maps discovered:
D:1:      dpeg_arrival_line_fractal, layout_basic, st_stairs_7,
          minmay_tromino_i4
D:2:      layout_basic, shapermc_ecumenical_altar_starsandcircs

Action                   || total
-------------------------++-------
Melee: Unarmed           ||    60
       Constrict         ||    11
       Kick              ||    11
       Tentacles         ||     6
 Cast: Beastly Appendage ||    19
  Use: Scroll            ||     6
       Potion            ||     3
 Stab: Sleeping          ||     5
       Invisible         ||     1
Armor: Skin              ||     7
Dodge: Dodged            ||    44

Table legend: (Time is in decaauts)
 A = Elapsed time spent in this place.
 B = Non-inter-level travel time spent in this place.
 C = Inter-level travel time spent in this place.
 D = Time resting spent in this place.
 E = Time spent auto-exploring this place.
 F = Levels seen in this place.
 G = Mean time per level.
                   A        B        C        D        E       F      G
               +--------+--------+--------+--------+--------+-----+--------+
         Total |   2016 |   2003 |     13 |      0 |   1728 |   2 | 1008.0 |
       Dungeon |   2016 |   2003 |     13 |      0 |   1728 |   2 | 1008.0 |
               +--------+--------+--------+--------+--------+-----+--------+

Top non-repeatable levels by time:
     D:1: 1087 daAuts
     D:2: 929 daAuts
